 Dungeon Crawl Stone Soup version 0.17-a0-1939-ga475588 (webtiles) character file.

77 AvaKnavely the Cutter (level 4, -29/28 HPs)
             Began as a Kobold Abyssal Knight on Sept 29, 2015.
             Was a Believer of Lugonu.
             Killed from afar by a goblin (36 damage)
             ... with a wand of fire
             ... on level 3 of the Dungeon.
             The game lasted 00:05:18 (2424 turns).

AvaKnavely the Cutter (Kobold Abyssal Knight)       Turns: 2424, Time: 00:05:18

Health: -29/28     AC:  3    Str: 10    XL:     4   Next: 58%
Magic:  5/5        EV:  9    Int: 10    God:    Lugonu [**....]
Gold:   93         SH:  4    Dex: 16    Spells: 0 memorised, 3 levels left

rFire  x . .     SeeInvis .     r - +2 dagger (speed)
rCold  + . .     Clarity  .     b - +0 leather armour
rNeg   . . .     SustAt   .     o - +0 buckler
rPois  .         Gourm    .     (no helmet)
rElec  .         Spirit   .     (no cloak)
rCorr  .         Warding  .     (no gloves)
rMut   .         Stasis   .     (no boots)
MR     .....                    (no amulet)
Stlth  +.........               (no ring)
                                n - ring of ice

@: not resistant to hostile enchantments, very unstealthy
A: carnivore 3
a: Depart the Abyss, Bend Space, Renounce Religion


You were on level 3 of the Dungeon.
You worshipped Lugonu.
Lugonu was pleased with you.
You were very full.

You visited 1 branch of the dungeon, and saw 3 of its levels.
You visited the Abyss 1 time.

You collected 93 gold pieces.

Inventory:

Hand weapons
 a - a +1 short sword
 l - a +0 dagger
 r - a +2 dagger of speed (weapon)
Armour
 b - a +0 leather armour (worn)
 m - a +0 shield
 o - a +0 buckler (worn)
Jewellery
 n - a ring of ice (left hand)
 q - a cursed amulet of inaccuracy {unknown}
Scrolls
 e - a scroll of fog {unknown}
 i - a scroll of remove curse {unknown}
 k - a scroll of teleportation {unknown}
Potions
 f - 2 potions of agility {unknown}
 g - a potion of degeneration {unknown}
 h - a potion of heal wounds {unknown}
Comestibles
 c - a meat ration
 d - a royal jelly
 j - a beef jerky
 p - 8 chunks of flesh


   Skills:
 - Level 3.2 Fighting
 * Level 5.8 Short Blades
 - Level 0.7 Armour
 - Level 2.5 Dodging
 - Level 2.0 Invocations


You had 3 spell levels left.
You didn't know any spells.

Dungeon Overview and Level Annotations

Branches:
Dungeon (3/15)

Altars:
Gozag

Shops:
D:2 *


Innate Abilities, Weirdness & Mutations

You are small and have problems with some larger weapons.
You are carnivorous and can eat meat at any time.


Message History

The bat hits you but does no damage.
You closely miss the bat.
The bat is severely wounded.
The bat barely misses you.
You hit the bat.
You kill the bat!
Lugonu accepts your kill.
No target in view!
Found a stone staircase leading down.
A goblin comes into view.
The goblin shouts!
The goblin zaps a wand.
The bolt of fire hits you! The fire burns you terribly!
Ouch! That really hurt!
* * * LOW HITPOINT WARNING * * *
It is a wand of fire.
You are too injured to fight recklessly!
There is a stone staircase leading down here.
The goblin zaps a wand.
The bolt of fire hits you! The fire burns you terribly!
Ouch! That really hurt!
You die...

............# #.#.# ..........###
#.#.####### ..........#
#.#........ ..........#
#.######### ..........#
#.######### ..........#
#......[..†
..........###################.###
#########.......................#
.............@..##########.#.#
.#####..........# #.#.#
#..........# #.#.# #.......g..#
#.#.. #..........# #.###
#..........# #.# # #..........#
#.### #..........# #....
#..........# #####


You could see a goblin.

Vanquished Creatures
  An adder (D:2)
  A gnoll (D:2)
  A worm (D:3)
  A giant gecko (D:2)
  A ball python (D:1)
  4 giant cockroaches
  4 goblins
  9 hobgoblins
  4 jackals
  8 kobolds
  4 bats
  4 giant newts
  6 rats
48 creatures vanquished.

Notes
Turn   | Place    | Note
--------------------------------------------------------------
     0 | Abyss:1  | AvaKnavely the Kobold Abyssal Knight began the quest for the Orb.
     0 | Abyss:1  | Reached XP level 1. HP: 14/14 MP: 2/2
    23 | D:1      | Escaped the Abyss
    84 | D:1      | Reached XP level 2. HP: 13/19 MP: 3/3
   350 | D:1      | Reached skill level 4 in Short Blades
   550 | D:1      | Acquired Lugonu's second power
   605 | D:1      | Reached XP level 3. HP: 21/23 MP: 4/4
  1179 | D:2      | Found Gozag's Platinum Reserve.
  1179 | D:2      | Found an opulent altar of Gozag.
  1192 | D:2      | Reached skill level 5 in Short Blades
  1612 | D:2      | Reached XP level 4. HP: 28/28 MP: 5/5
  2424 | D:3      | Killed from afar by a goblin

Vault maps used:
D:1:      dpeg_arrival_shrine
D:2:      nicolae_gozag_zags_fifth_avenue
D:3:      first_bread

Action                   |  1- 3 |  4- 6 || total
-------------------------+-------+-------++-------
Melee: Short sword       |   104 |    57 ||   161
       Dagger            |       |     7 ||     7
 Stab: Sleeping          |     2 |     1 ||     3
  Eat: Chunk             |    10 |     2 ||    12
